Map: Stranded Isles

Players

Subwaymaker

  • Race: Zerg Zerg
  • League: Gold
  • Spawn Location: 6:00

Mesrob

  • Race: Terran Terran
  • League: Platinum
  • Spawn Location: 3:00

WalriLord

  • Race: Protoss Protoss
  • Spawn Location: 6:00

CMajorz - Winner!

  • Race: Zerg Zerg
  • Spawn Location: 12:00

reikai - Winner!

  • Race: Terran Terran
  • League: Diamond
  • Spawn Location: 9:00

Seabee - Winner!

  • Race: Protoss Protoss
  • League: Gold
  • Spawn Location: 12:00

VOD

Have the link to the VOD?

Description

Time

  • Played on: Aug. 12, 2019, 8:02 p.m.
  • Length: 9:36
Show
View Real Time Build Order
Export as new Build Order

Subwaymaker Zerg 

Build Orders: Pool First 

Get SALT Encoding   

  12  0:03  Drone  
  13  0:11  Drone  
  14  0:18  Extractor, Drone  
  15  0:32  Overlord  
  15  0:43  Spawning Pool  
  14  0:50  Drone  
  14  0:51  Extractor, Drone  
  15  1:01  Drone  
  16  1:07  Drone  
  17  1:20  Drone  
  18  1:30  Zergling x2  
  18  1:31  Queen  
  21  1:39  Zergling x2  
  22  1:47  Overlord  
  22  1:55  Metabolic Boost  
  22  2:07  Zergling x2  
  22  2:08  Zergling x2  
  24  2:20  Zergling x2  
  25  2:24  Hatchery  
  24  2:33  Zergling x2  
  24  2:34  Lair  
  25  2:45  Zergling x2  
  26  3:48  Drone  
  26  3:49  Drone x3  
  28  4:04  Queen  
  25  4:14  Extractor  
  25  4:16  Hydralisk Den  
  24  4:17  Drone x3  
  24  4:20  Overlord x2  
  24  4:21  Drone  
  24  4:22  Queen  
  29  4:24  Extractor  
  28  4:34  Drone x2  
  30  4:39  Queen  
  32  4:46  Spore Crawler  
  32  4:47  Hydralisk x2  
  32  4:50  Hydralisk  
  37  4:58  Pneumatized Carapace  
  37  5:08  Hydralisk  
  37  5:11  Drone x2  
  37  5:12  Drone  
  42  5:24  Drone  
  42  5:25  Drone  
  44  5:35  Overlord  
  44  5:36  Overlord x4  
  44  5:44  Extractor, Drone  
  35  6:19  Hydralisk x2  
  35  6:20  Hydralisk x4  
  44  6:53  Overlord x4  
  44  6:54  Overlord x2  
  44  7:26  Hydralisk x4  
  42  8:31  Hydralisk  
  42  8:32  Hydralisk x2  
  30  8:52  Hydralisk  
  30  8:55  Queen  
  34  8:57  Queen  
Show
View Real Time Build Order
Export as new Build Order

Mesrob Terran 

Build Orders:  

Get SALT Encoding   

  12  0:00  SCV  
  13  0:13  SCV  
  14  0:24  Supply Depot  
  14  0:27  SCV  
  15  0:35  Refinery  
  15  0:53  SCV  
  15  0:54  Barracks  
  16  1:01  Barracks  
  16  1:10  SCV  
  17  1:22  SCV  
  18  1:35  Refinery, SCV  
  19  1:43  Reaper  
  20  1:49  Orbital Command  
  20  1:54  Reaper  
  21  2:07  Supply Depot  
  21  2:15  Reaper  
  22  2:27  Reaper  
  23  2:37  Command Center  
  23  2:45  SCV  
  23  2:47  Reaper  
  25  3:03  Reaper  
  26  3:11  Factory  
  26  3:18  SCV  
  26  3:19  Reaper  
  28  3:30  SCV  
  29  3:35  Reaper  
  30  3:42  SCV  
  31  3:49  Supply Depot  
  31  3:51  Reaper  
  31  3:52  Refinery  
  30  4:09  Starport, Barracks Reactor  
  30  4:12  Orbital Command  
  30  4:14  SCV  
  31  4:21  Factory  
  31  4:24  Hellion  
  33  4:26  SCV  
  34  4:38  Barracks Tech Lab  
  34  4:41  SCV  
  32  4:48  Engineering Bay  
  32  4:50  SCV  
  30  4:54  SCV  
  26  5:08  Marine x2  
  26  5:10  Cyclone  
  30  5:17  Starport Reactor  
  27  5:39  Factory Tech Lab  
  27  5:41  Barracks Tech Lab  
  23  5:55  SCV  
  19  6:06  Missile Turret  
  19  6:08  Marine  
  19  6:10  Viking x2  
  19  6:11  Marine x2  
  25  6:13  Cyclone x2  
  25  6:15  SCV  
  25  6:18  SCV  
  30  6:26  Marine  
  30  6:27  SCV  
  30  6:32  Missile Turret  
  29  6:53  Viking  
  30  6:58  SCV  
  30  7:00  SCV  
  28  7:10  SCV  
  28  7:11  Cyclone x2  
  35  7:23  Supply Depot  
  35  7:27  Refinery  
  35  7:36  Missile Turret  
  32  7:37  Viking  
  34  7:47  Supply Depot  
  21  8:29  Cyclone x2  
  21  8:33  SCV  
  19  8:45  SCV  
  19  8:46  Refinery  
  24  9:12  SCV  
Show
View Real Time Build Order
Export as new Build Order

WalriLord Protoss 

Build Orders:  

Get SALT Encoding   

  12  0:01  Probe  
  13  0:13  Probe  
  14  0:25  Pylon  
  14  0:31  Probe  
  14  0:34  Assimilator  
  15  0:43  Probe  
  16  0:52  Gateway  
  17  0:57  Probe  
  17  1:09  Probe  
  18  1:22  Gateway  
  18  1:30  Probe  
  19  1:35  Assimilator  
  19  1:41  Zealot  
  19  1:42  Probe  
  23  1:54  Probe  
  23  2:08  Pylon  
  23  2:21  Pylon  
  23  2:26  Probe  
  24  2:31  Cybernetics Core  
  24  2:36  Zealot  
  28  2:37  Zealot  
  28  2:39  Probe  
  29  2:52  Probe  
  30  3:02  Nexus  
  30  3:07  Pylon  
  30  3:13  Probe  
  31  3:22  Stalker  
  31  3:25  Probe  
  34  3:29  Stalker  
  36  3:37  Probe  
  37  3:49  Probe  
  37  3:54  Stalker  
  40  3:59  Stalker  
  42  4:12  Pylon  
  42  4:17  Probe  
  42  4:23  Warp Gate  
  43  4:24  Stalker  
  43  4:29  Probe  
  46  4:32  Stalker  
  46  4:33  Gateway  
  48  4:41  Probe  
  48  4:43  Gateway  
  49  4:53  Probe  
  49  4:54  Stalker  
  52  5:00  Probe  
  52  5:02  Stalker  
  52  5:06  Probe  
  56  5:24  Stalker  
  58  5:32  Stalker x2  
  58  5:33  Stalker  
  64  5:41  Probe  
  65  5:48  Forge  
  65  5:54  Probe  
  63  6:06  Probe  
  61  6:18  Stalker x2  
  64  6:35  Stalker  
  64  6:36  Stalker  
  68  7:03  Probe x2  
  70  7:24  Pylon  
  70  7:42  Probe  
  71  7:48  Pylon  
  71  7:50  Pylon  
  71  7:52  Pylon  
  65  8:14  Stalker  
  65  8:15  Stalker x3  
  38  9:14  Stalker  
  38  9:15  Stalker x3  
Show
View Real Time Build Order
Export as new Build Order

CMajorz Zerg - Winner!

Build Orders: Hatch First 

Get SALT Encoding   

  12  0:01  Drone  
  13  0:13  Overlord  
  13  0:19  Drone  
  14  0:31  Drone x2  
  16  0:37  Drone  
  17  0:54  Hatchery  
  17  0:56  Drone  
  17  1:10  Drone  
  17  1:11  Extractor  
  17  1:17  Spawning Pool  
  16  1:18  Drone  
  16  1:22  Drone  
  18  1:28  Drone  
  19  1:39  Overlord  
  19  1:51  Drone  
  20  2:00  Drone  
  21  2:04  Queen  
  21  2:05  Queen  
  21  2:07  Drone  
  26  2:11  Drone  
  26  2:14  Metabolic Boost  
  27  2:18  Extractor  
  27  2:19  Drone  
  27  2:30  Drone  
  27  2:31  Drone  
  27  2:35  Extractor  
  29  2:37  Drone  
  29  2:39  Drone  
  30  2:45  Drone  
  30  2:47  Lair  
  30  2:49  Drone  
  32  3:00  Drone  
  32  3:03  Overlord  
  33  3:10  Drone  
  33  3:11  Drone  
  35  3:20  Queen  
  35  3:21  Spine Crawler  
  36  3:32  Drone x4  
  36  3:33  Drone x2  
  42  3:36  Zergling x2  
  43  3:41  Spine Crawler  
  43  3:46  Zergling x4  
  44  3:58  Spire  
  44  4:00  Drone  
  44  4:01  Overlord  
  44  4:04  Extractor  
  43  4:15  Drone  
  44  4:18  Overlord  
  44  4:23  Drone x4  
  44  4:24  Drone x2  
  50  4:33  Overlord  
  50  4:35  Overlord x2  
  50  4:39  Drone  
  51  5:09  Mutalisk x2  
  51  5:10  Mutalisk x7  
  51  5:13  Drone  
  70  5:24  Hatchery  
  70  5:27  Drone x2  
  71  5:31  Zerg Flyer Weapons Level 1  
  71  5:32  Mutalisk, Overlord  
  73  5:45  Mutalisk  
  73  5:46  Drone x5  
  80  6:12  Mutalisk x3  
  86  6:28  Extractor, Spore Crawler, Spine Crawler  
  86  6:30  Extractor  
  81  6:53  Mutalisk x4  
  87  7:06  Drone x2  
  87  7:07  Drone x7  
  96  7:18  Overlord x2  
  96  7:19  Overlord  
  96  7:20  Infestation Pit  
  95  7:38  Mutalisk x3  
  95  7:40  Drone x2  
  95  7:41  Drone x5  
  106  7:53  Mutalisk  
  106  7:54  Mutalisk  
  100  8:14  Mutalisk x4  
  100  8:16  Zergling x6  
  100  8:17  Zergling x4  
  96  8:58  Hatchery  
  96  9:00  Mutalisk x3  
  96  9:01  Mutalisk x4  
  96  9:02  Drone x2  
  111  9:03  Drone x3  
  111  9:07  Hatchery  
Show
View Real Time Build Order
Export as new Build Order

reikai Terran - Winner!

Build Orders:  

Get SALT Encoding   

  12  0:04  SCV  
  13  0:16  SCV  
  13  0:18  Supply Depot  
  14  0:28  SCV  
  14  0:32  Refinery  
  15  0:40  SCV  
  16  0:47  Barracks  
  16  0:53  SCV  
  17  1:02  Refinery  
  17  1:05  SCV  
  18  1:17  SCV  
  19  1:34  Orbital Command, Reaper  
  19  1:39  Factory  
  20  1:46  Supply Depot  
  20  2:00  SCV  
  21  2:07  Reaper  
  22  2:14  SCV  
  23  2:24  Hellion  
  23  2:26  SCV  
  26  2:33  Command Center  
  26  2:38  SCV  
  26  2:39  Reaper  
  28  2:45  Hellion  
  29  2:58  Starport  
  29  3:02  SCV  
  30  3:11  Reaper  
  31  3:14  Hellion  
  31  3:16  SCV  
  34  3:27  Supply Depot  
  34  3:28  SCV  
  35  3:38  Hellion  
  37  3:46  Reaper  
  37  3:47  SCV  
  39  3:59  Starport Tech Lab  
  39  4:01  Hellion, Orbital Command, SCV  
  42  4:13  SCV  
  43  4:18  Cloaking Field, Banshee  
  43  4:22  Barracks Reactor  
  43  4:23  Factory Tech Lab  
  46  4:28  SCV x2  
  47  4:48  SCV x2  
  47  4:55  Command Center  
  47  4:57  Barracks  
  47  4:58  Cyclone  
  47  4:59  Barracks  
  50  5:02  SCV x2  
  52  5:10  Marine x2  
  54  5:14  SCV x2  
  56  5:30  SCV x2  
  56  5:32  Raven  
  56  5:34  Marine  
  61  5:41  Barracks  
  61  5:42  SCV, Barracks  
  62  5:56  Barracks Reactor  
  62  6:01  Factory Tech Lab  
  62  6:07  SCV  
  62  6:10  SCV  
  64  6:11  Marine x2  
  64  6:13  Orbital Command  
  64  6:16  Engineering Bay  
  66  6:18  Marine  
  66  6:19  Engineering Bay, SCV  
  66  6:20  Siege Tank  
  66  6:22  SCV  
  66  6:23  Refinery  
  66  6:25  Refinery  
  72  6:29  Marine x2  
  72  6:30  Barracks Reactor x2  
  72  6:31  SCV  
  75  6:33  Stimpack  
  75  6:34  Supply Depot  
  75  6:35  Supply Depot, SCV  
  75  6:37  Supply Depot  
  75  6:38  SCV  
  77  6:40  Supply Depot  
  77  6:52  Marine x5, SCV x2  
  84  6:56  Siege Tank  
  84  7:01  Starport Reactor  
  85  7:04  Refinery, Factory, SCV x2  
  85  7:05  Refinery  
  85  7:07  Marine x4  
  91  7:10  Marine x4  
  91  7:12  Supply Depot  
  91  7:14  Supply Depot  
  91  7:15  SCV  
  96  7:16  SCV  
  96  7:17  Terran Infantry Weapons Level 1  
  96  7:18  Terran Infantry Armor Level 1  
  97  7:29  Marine  
  98  7:30  Marine x7  
  98  7:32  Siege Tank  
  98  7:34  SCV x3  
  111  7:42  Marine  
  112  7:47  Marine x3  
  112  7:48  Marine  
  112  7:50  SCV x3  
  119  7:53  Siege Tank  
  121  7:59  Marine x4  
  121  8:00  Marine  
  121  8:03  Supply Depot x2  
  121  8:05  Marine x2, Medivac x2, Supply Depot  
  132  8:19  Marine  
  133  8:20  Marine x6  
  133  8:23  Marine x2  
  133  8:25  Supply Depot, Siege Tank  
  144  8:28  Supply Depot  
  144  8:44  Marine x4  
  144  8:45  Marine x4  
  144  8:46  Siege Tank  
  155  8:49  Armory  
  152  9:00  Medivac x2  
  152  9:01  Siege Tank  
  159  9:14  Starport  
  159  9:15  Starport  
  159  9:16  Command Center  
Show
View Real Time Build Order
Export as new Build Order

Seabee Protoss - Winner!

Build Orders: Phoenix Opening, Mass Phoenix 

Get SALT Encoding   

  1  0:00  Probe  
  12  0:06  Probe  
  14  0:16  Probe  
  15  0:27  Pylon  
  15  0:45  Probe, Gateway  
  16  0:55  Probe  
  16  0:57  Assimilator  
  16  1:04  Probe  
  18  1:12  Probe  
  18  1:16  Gateway  
  19  1:23  Assimilator  
  19  1:24  Probe  
  20  1:33  Cybernetics Core  
  20  1:37  Pylon  
  20  1:40  Probe  
  21  2:03  Nexus  
  21  2:10  Stargate  
  21  2:17  Probe  
  22  2:25  Probe  
  23  2:32  Stargate  
  23  2:33  Probe  
  24  2:45  Assimilator, Probe  
  25  2:54  Phoenix  
  27  3:01  Probe  
  28  3:15  Phoenix  
  30  3:23  Phoenix  
  30  3:26  Probe  
  32  3:31  Assimilator  
  33  3:34  Probe  
  33  3:41  Phoenix  
  36  4:13  Phoenix  
  36  4:14  Phoenix  
  40  4:17  Probe  
  40  4:20  Probe  
  42  4:25  Probe  
  42  4:28  Probe  
  44  4:38  Phoenix  
  44  4:40  Pylon  
  46  4:58  Phoenix  
  48  5:09  Phoenix  
  50  5:23  Phoenix  
  52  5:34  Phoenix  
  54  5:38  Stargate  
  54  5:42  Stargate  
  54  6:42  Pylon  
  54  6:43  Fleet Beacon  
  54  6:47  Pylon  
  54  6:49  Pylon  
  54  7:00  Probe  
  57  7:12  Probe  
  57  7:13  Robotics Facility  
  57  7:15  Robotics Facility  
  58  7:18  Probe, Tempest x3  
  58  7:19  Tempest  
  57  7:24  Probe  
  78  7:37  Pylon  
  78  7:41  Pylon  
  78  7:43  Pylon  
  78  7:55  Probe  
  57  8:31  Immortal x2  
  57  8:32  Void Ray  
  60  8:34  Void Ray  
  60  8:35  Void Ray  
Tags
 
Add a new tag
Caveats
  • Supply blocks, unpowered buildings, or Contaminate may cause inaccurate times.
  • Supply counts are checked every 10 seconds.